 Dungeon Crawl Stone Soup version 0.27-a0-393-gba1aca71f1 (webtiles) character file.

Game seed: 16660318671821733064

472 Froggeryz the Spear-Bearer (level 7, -1/52 HPs)
             Began as a Merfolk Abyssal Knight on Feb 20, 2021.
             Was a Believer of Lugonu.
             Slain by an ogre
             ... wielding a +0 giant club
              (23 damage)
             ... on level 4 of the Dungeon.
             The game lasted 00:05:45 (3971 turns).

Froggeryz the Spear-Bearer (Merfolk Abyssal Knight) Turns: 3971, Time: 00:05:46

Health: -1/52      AC:  6    Str: 15      XL:     7   Next: 9%
Magic:  8/8        EV: 12    Int: 10 (11) God:    Lugonu [**....]
Gold:   200        SH:  0    Dex: 12 (13) Spells: 6/6 levels left

rFire    . . .     SeeInvis .   d - +0 trident
rCold    . . .     Faith    .   (no shield)
rNeg     . . .     Spirit   .   g - +2 leather armour {Will+}
rPois    .         Reflect  .   h - +0 helmet
rElec    .         Harm     .   (no cloak)
rCorr    .         Rampage  .   (no gloves)
Will     +....                  (no boots)
Stlth    +.........             (no amulet)
HPRegen  0.17/turn              l - ring of flight
MPRegen  0.11/turn              (no ring)

@: no status effects
A: change form in water, swift swim, stealthy swim
a: Renounce Religion, Evoke Flight, Depart the Abyss, Bend Space


You were on level 4 of the Dungeon.
You worshipped Lugonu.
Lugonu was pleased with you.
You visited 1 branch of the dungeon, and saw 4 of its levels.
You visited the Abyss 1 time.

You collected 200 gold pieces.

Inventory:

Hand Weapons
 d - a +0 trident (weapon)
Missiles
 j - 2 boomerangs
Armour
 g - a +2 leather armour of willpower (worn)
 h - a +0 helmet (worn)
 m - a +0 kite shield
Jewellery
 k - a ring of ice
 l - a ring of flight (left hand)
Wands
 f - a wand of charming (3)
Scrolls
 b - a scroll of teleportation {unknown}
 e - 5 scrolls of identify
 i - a scroll of enchant armour
 q - a scroll of immolation {unknown}
Potions
 a - a potion of might
 c - a potion of flight
 n - a potion of lignification {unknown}
 o - 2 potions of magic {unknown}
 p - a potion of curing


   Skills:
 - Level 3.2 Fighting
 * Level 9.4 Polearms
 - Level 0.6 Armour
 - Level 2.6 Dodging
 + Level 3.2 Shields
 - Level 2.0 Invocations


You had 6 spell levels left.
You didn't know any spells.
Your spell library was empty.

Dungeon Overview and Level Annotations

Branches:
Dungeon (4/15)
 Temple: D:4-7

Altars:
Nemelex Xobeh


Message History

Lugonu accepts your kill.
The orc hits you from afar with a +0 spear.
You reach to attack!
You hit the orc.
You kill the orc!
Lugonu accepts your kill.
The orc shouts!
Things that are here:
a +0 spear; a +0 scale mail; a scroll labelled YSOZOKKONWA The ogre shouts!
Things that are here:
a +0 mace; a ring of see invisible; 16 gold pieces You barely miss the orc.
The orc closely misses you.
You hit the orc.
The orc is lightly wounded.
The orc barely misses you.
You hit the orc but do no damage.
The orc is lightly wounded.
The orc barely misses you.
You barely miss the orc.
The orc is lightly wounded.
You puncture the orc!
You kill the orc!
Lugonu accepts your kill.
The ogre hits you with a +0 giant club!!
You barely miss the ogre. You puncture the ogre!
The ogre is moderately wounded.
The ogre hits you with a +0 giant club!
You are too injured to fight recklessly!
You are too injured to fight recklessly!
You are too injured to fight recklessly!
You are too injured to fight recklessly!
You are too injured to fight recklessly!
You are too injured to fight recklessly!
An ogre is nearby!
Okay, then.
You hit the ogre.
The ogre is heavily wounded.
The ogre hits you with a +0 giant club!!
You die...

#.......## #...............#
##........###..##...........#
..........##...##.......###..#
.#....†.......##....##### .# #
#..........###...## #
#..........# #.$##
.##..........# #.### .
..##....<....# #)?.## ..
.............# #@...##.##
......oOo....###[O.......
.#.....J.......#.#.......
##....o..........#.......
..........##.##..........
................$........
.........................
.........#...#...........
.......####..#...........


You could see an ogre.

Vanquished Creatures
  Sigmund (D:4)
  Blork the orc (D:4)
  An orc priest (D:3)
  Ijyb (D:3)
  An orc wizard (D:2)
  2 worker ants (D:4)
  An adder (D:3)
  2 oozes
  An adder zombie (D:3)
  6 worms
  4 dart slugs
  6 leopard geckos
  10 orcs
  6 giant cockroaches
  3 goblins
  4 hobgoblins
  4 jackals (D:1)
  2 ball pythons
  9 bats
  6 frilled lizards
  7 kobolds
  A quokka skeleton (D:4)
  6 rats
85 creatures vanquished.

Vanquished Creatures (collateral kills)
  A frilled lizard (D:4)
1 creature vanquished.

Grand Total: 86 creatures vanquished

Notes
Turn   | Place    | Note
-------+----------+-------------------------------------------
     0 | Abyss:1  | Froggeryz the Merfolk Abyssal Knight began the quest for
                  | the Orb.
     0 | Abyss:1  | Reached XP level 1. HP: 18/18 MP: 2/2
    12 | Abyss:1  | Found a corrupted altar of Lugonu.
   101 | D:1      | Escaped the Abyss
   184 | D:1      | Reached * piety under Lugonu
   187 | D:1      | Reached skill level 4 in Polearms
   187 | D:1      | Reached XP level 2. HP: 19/24 MP: 3/3
   595 | D:1      | Reached skill level 5 in Polearms
   595 | D:1      | Reached XP level 3. HP: 25/29 MP: 4/4
  1368 | D:2      | Reached skill level 6 in Polearms
  1379 | D:2      | Reached XP level 4. HP: 28/35 MP: 5/5
  1382 | D:2      | Reached ** piety under Lugonu
  2102 | D:2      | Reached skill level 1 in Shields
  2299 | D:3      | Reached skill level 7 in Polearms
  2299 | D:3      | Reached XP level 5. HP: 31/41 MP: 6/6
  2424 | D:3      | Noticed Ijyb
  2440 | D:3      | Killed Ijyb
  2948 | D:3      | Found a sparkling altar of Nemelex Xobeh.
  3217 | D:4      | Reached XP level 6. HP: 37/47 MP: 7/7
  3355 | D:3      | Reached skill level 8 in Polearms
  3647 | D:4      | Got a masterwork leather armour
  3658 | D:4      | Identified the +0 leather armour of Oblivion {Int+4 Dex+2}
                  | (You found it on level 4 of the Dungeon)
  3713 | D:4      | Noticed Blork the orc
  3715 | D:4      | Noticed Sigmund
  3720 | D:4      | Killed Blork the orc
  3729 | D:4      | Killed Sigmund
  3730 | D:4      | Reached skill level 9 in Polearms
  3730 | D:4      | Reached XP level 7. HP: 15/52 MP: 8/8
  3971 | D:4      | Slain by an ogre

Illustrated notes

Levels and vault maps discovered:
D:1:      heliophobic_arrival_glass_houses, layout_loops_ring
D:2:      layout_rooms, due_unseen_surprise
D:3:      layout_basic, nemelex_xobeh_ov_fountains_minmay, uniq_ijyb
D:4:      layout_cave_pools, minmay_fractal_squares_gapless_5,
          uniq_blork_the_orc, uniq_sigmund

Skill      XL: |  1  2  3  4  5  6 |
---------------+-------------------+-----
Polearms       | 4 5 6 7 9 |  9.4
Shields        | 1 2 3 |  3.2
Fighting       | |  3.2
Armour         | |  0.6
Dodging        | |  2.6
Invocations    | |  2.0

Action                   |  1- 3 |  4- 6 |  7- 9 || total
-------------------------+-------+-------+-------++-------
Melee: Spear             |   158 |    88 |       ||   246
       Trident           |       |   103 |    13 ||   116
Invok: Depart the Abyss  |     1 |       |       ||     1
Evoke: Wand              |       |     4 |       ||     4
  Use: Scroll            |     2 |     1 |       ||     3
       Potion            |       |     9 |       ||     9
 Stab: Sleeping          |     1 |       |       ||     1
       Invisible         |       |     2 |       ||     2
Armor: Leather armour    |    39 |    35 |     1 ||    75
Dodge: Dodged            |    88 |    88 |     6 ||   182

Table legend: (Time is in decaauts)
 A = Elapsed time spent in this place.
 B = Non-inter-level travel time spent in this place.
 C = Inter-level travel time spent in this place.
 D = Time resting spent in this place.
 E = Time spent auto-exploring this place.
 F = Levels seen in this place.
 G = Mean time per level.
                   A        B        C        D        E       F      G
               +--------+--------+--------+--------+--------+-----+--------+
         Total |   3889 |   3785 |    104 |   1018 |   2007 |   6 |  648.2 |
       Dungeon |   3789 |   3685 |    104 |   1018 |   1974 |   4 |  947.2 |
         Abyss |    100 |    100 |      0 |      0 |     33 |   2 |   50.0 |
               +--------+--------+--------+--------+--------+-----+--------+

Top non-repeatable levels by time:
     D:3: 1129 daAuts
     D:2: 1083 daAuts
     D:1: 1050 daAuts
     D:4: 525 daAuts
 Abyss:2: 58 daAuts
 Abyss:1: 41 daAuts
